Blackhawks vs Blue Jackets (R1)

Created - 28 octobre 2016 at 00:10

Goals
1 2 3 T
Blackhawks 0 1 1 2
Blue Jackets 0 2 2 4
Shots
1 2 3 T
Blackhawks 8 10 13 31
Blue Jackets 11 15 8 34

1st period

No Goal

Penalties :
Mike Lundin (Clb) for Holding (Minor) at 5:30, Pavel Datsyuk (Clb) for Tripping (Minor) at 17:58

2nd period

1. Blackhawks , Peter Regin 1 (Niclas Bergfors, Oleg Saprykin) at 8:44
2. Blue Jackets , David Booth 1 (Patric Hornqvist, Jan Bulis) at 9:13
3. Blue Jackets , Mike York 3 (Jan Bulis) at 9:59 (PP)

Penalties :
Niclas Bergfors (Chi) for Hooking (Minor) at 6:31, Patrick Kane (Chi) for Roughing (Minor) at 9:16, Marcus Nilson (Clb) for Boarding (Minor) at 14:55, Derick Brassard (Chi) for High sticking (Minor) at 15:01

3rd period

4. Blue Jackets , Patric Hornqvist 3 (Branislav Mezei, Pavel Datsyuk) at 0:32
5. Blue Jackets , Kevin Bieksa 1 (Jan Bulis, Martin Havlat) at 2:26 (PP)
6. Blackhawks , Oleg Saprykin 1 (Denis Grebeshkov, Ryan Hollweg) at 13:48

Penalties :
Antoine Roussel (Chi) for Hooking (Minor) at 0:54, François Beauchemin (Clb) for High sticking (Minor) at 3:47, Derick Brassard (Chi) for Holding (Minor) at 7:22

Goalie Stats

Jimmy Howard (Chi), 30 saves from 34 shots - (0,882), L, 0-1-0, 60:00 minutes
Rick DiPietro (Clb), 29 saves from 31 shots - (0,935), W, 3-0-0, 60:00 minutes

Players Stats for Blackhawks

Player Name              G  A  P  +/- PIM S  H  SB GA TA FO     MP     PP MP  PK MP  
------------------------------------------------------------------------------------
Antoine Roussel          0  0  0   0  2   2  1  0  1  0  1/2    17:06   2:18   0:06 
Brian Sutherby           0  0  0   1  0   1  2  0  2  1  4/8    13:01   0:06   2:45 
Carson Mcmillan          0  0  0   1  0   1  2  0  1  0  0/0     8:51   0:00   0:00 
Dave Tanabe              0  0  0   0  0   1  0  0  0  1  0/0    15:52   3:08   0:00 
David Hale               0  0  0   1  0   2  0  1  0  0  0/0    15:37   0:00   3:20 
Denis Grebeshkov         0  1  1  -1  0   1  1  1  2  0  0/0    21:20   2:55   2:53 
Derick Brassard          0  0  0   0  4   2  0  0  0  0  14/21  16:21   2:17   0:00 
Ian White                0  0  0   0  0   0  1  1  1  1  0/0    22:29   3:00   0:06 
Jonathan Toews           0  0  0  -2  0   1  1  0  1  1  10/19  17:44   3:39   0:07 
Joni Pitkanen            0  0  0   0  0   2  3  0  1  3  0/0    26:48   3:03   2:59 
Kurt Sauer               0  0  0   0  0   0  0  1  0  0  0/0    17:54   0:00   3:20 
Niclas Bergfors          0  1  1  -1  2   5  3  0  0  0  0/0    16:32   2:21   0:06 
Oleg Saprykin            1  1  2   2  0   3  2  0  0  0  0/0    13:02   0:06   2:57 
Patrick Kaleta           0  0  0   0  0   1  0  0  3  1  0/0    13:15   0:03   2:52 
Patrick Kane             0  0  0   0  2   5  0  0  1  0  1/2    18:17   3:39   0:00 
Peter Regin              1  0  1   1  0   2  1  2  0  1  2/6    12:29   0:00   3:21 
Ryan Hollweg             0  1  1  -2  0   0  2  1  0  0  2/2    12:46   0:00   0:24 
Tomas Fleischmann        0  0  0   0  0   2  0  0  0  1  0/0    12:19   3:39   0:00 

Players Stats for Blue Jackets

Player Name              G  A  P  +/- PIM S  H  SB GA TA FO     MP     PP MP  PK MP  
------------------------------------------------------------------------------------
Andreas Nodl             0  0  0  -1  0   1  0  0  0  0  0/0     8:20   0:00   0:00 
Branislav Mezei          0  1  1   2  0   1  3  3  0  1  0/0    29:53   3:52   4:12 
Brooks Orpik             0  0  0   0  0   1  2  0  1  1  0/0    10:44   0:00   1:00 
Christian Hanson         0  0  0  -2  0   0  0  1  0  0  0/3     9:49   0:00   0:51 
Dave Steckel             0  0  0   0  0   0  0  0  1  0  3/6    10:47   0:00   0:24 
David Booth              1  0  1   2  0   7  2  1  0  1  0/1    19:30   2:36   2:24 
François Beauchemin      0  0  0  -2  2   0  0  0  0  2  0/0    19:33   2:27   1:27 
Jan Bulis                0  3  3   2  0   0  0  0  2  0  9/16   17:16   3:43   0:00 
Jason Ward               0  0  0  -1  0   0  0  0  0  0  0/0     9:28   0:00   0:00 
Jeff Taffe               0  0  0  -1  0   2  0  0  0  0  1/1    11:23   0:00   1:46 
Kevin Bieksa             1  0  1  -2  0   2  2  3  0  1  0/0    21:28   2:27   2:56 
Marcus Nilson            0  0  0   0  2   4  1  0  2  1  2/5    14:02   0:06   0:13 
Martin Havlat            0  1  1   0  0   4  0  0  1  1  0/1    18:41   3:49   0:57 
Mike Commodore           0  0  0   0  0   1  0  0  0  0  0/0     9:37   0:00   0:00 
Mike Lundin              0  0  0   2  2   2  2  3  0  2  0/0    28:51   3:52   2:31 
Mike York                1  0  1  -1  0   2  0  0  0  0  0/0    12:58   3:43   0:00 
Patric Hornqvist         1  1  2   2  0   1  1  0  0  2  0/0    20:53   2:30   3:14 
Pavel Datsyuk            0  1  1   0  2   6  1  0  3  1  11/27  18:47   2:30   2:17 

3 Stars

1 - Oleg Saprykin (Chi)
2 - Patric Hornqvist (Clb)
3 - Jan Bulis (Clb)

Power Play

Blackhawks - 0 on 4 Attempt(s) - 0,00%
Blue Jackets - 2 on 5 Attempt(s) - 40,00%

Penalty Kill

Blackhawks - 3 on 5 Attempt(s) - 60,00% - Score 0 goal in Penalty Kill
Blue Jackets - 4 on 4 Attempt(s) - 100,00% - Score 0 goal in Penalty Kill

Team Stat

Blackhawks - Hits : 19 - Faceoff Wins : 34 - Blocked Shots : 7 - Penalty Minutes : 10
Blue Jackets - Hits : 14 - Faceoff Wins : 26 - Blocked Shots : 11 - Penalty Minutes : 8

Official

Referees : Sutherland Kelly and VanMassenhoven Don
Linesman : Brad Lazarowich and Pierre Champoux

Game Notes

9:13 of 2nd period - Blue Jackets goal is going for a video replay. After video review, Goal.

Finance

Level 1 -- Attendance: 4960 (82,67%) -- Ticket Income 446 400 $
Level 2 -- Attendance: 3868 (77,36%) -- Ticket Income 212 740 $
Level 3 -- Attendance: 2000 (100,00%) -- Ticket Income 60 000 $
Level 4 -- Attendance: 4000 (100,00%) -- Ticket Income 80 000 $
Luxury Box -- Attendance: 663 (66,30%) -- Ticket Income 122 655 $
Game was played at the Ohio State Arena.
Total Attendance: 15491 (86,06%)
Total Ticket Income: 921 795 $
Other Income: 138 269 $
Total Income: 1 060 064 $

Blackhawks

5 vs 5 Forward 
   Center                   Left Wing                Right Wing               Time % Phy DF OF 
 1 Derick Brassard          Antoine Roussel          Patrick Kane             40     1   2  2  
 2 Jonathan Toews           Ryan Hollweg             Niclas Bergfors          35     1   2  2  
 3 Peter Regin              Tomas Fleischmann        Patrick Kaleta           15     1   2  2  
 4 Brian Sutherby           Oleg Saprykin            Carson Mcmillan          10     1   2  2  

5 vs 5 Defense 
   Defense                  Defense                                           Time % Phy DF OF 
 1 Joni Pitkanen            Ian White                                         37     1   2  2  
 2 Denis Grebeshkov         Kurt Sauer                                        32     1   2  2  
 3 Dave Tanabe              David Hale                                        26     1   2  2  
 4 Joni Pitkanen            Ian White                                         5      1   2  2  

PowerPlay Forward 
   Center                   Left Wing                Right Wing               Time % Phy DF OF 
 1 Jonathan Toews           Tomas Fleischmann        Patrick Kane             65     0   2  3  
 2 Derick Brassard          Antoine Roussel          Niclas Bergfors          35     0   2  3  

PowerPlay Defense
   Defense                  Defense                                           Time % Phy DF OF 
 1 Ian White                Denis Grebeshkov                                  50     1   2  2  
 2 Joni Pitkanen            Dave Tanabe                                       50     1   2  2  

Penalty Kill 4 Players Forward 
   Center                   Wing                     Time % Phy DF OF 
 1 Peter Regin              Oleg Saprykin            50     1   3  1  
 2 Brian Sutherby           Patrick Kaleta           50     1   3  1  

Penalty Kill 4 Players Defense
   Defense                  Defense                  Time % Phy DF OF 
 1 Kurt Sauer               David Hale               50     1   3  1  
 2 Denis Grebeshkov         Joni Pitkanen            50     1   3  1  

Penalty Kill - 3 Players Forward 
   Forward                                           Time % Phy DF OF 
 1 Peter Regin                                       50     1   4  0  
 2 Jonathan Toews                                    50     1   4  0  

Penalty Kill - 3 Players Defense
   Defense                  Defense                  Time % Phy DF OF 
 1 Kurt Sauer               David Hale               50     1   4  0  
 2 Denis Grebeshkov         Joni Pitkanen            50     1   4  0  

4 vs 4 Forward 
   Center                   Wing                     Time % Phy DF OF 
 1 Jonathan Toews           Patrick Kane             50     1   2  2  
 2 Derick Brassard          Antoine Roussel          50     1   2  2  

4 vs 4 Defense
   Defense                  Defense                  Time % Phy DF OF 
 1 Ian White                Joni Pitkanen            50     1   2  2  
 2 Denis Grebeshkov         Kurt Sauer               50     1   2  2  

Last Minutes Offensive
   Center                   Left Wing                Right Wing               Defense                  Defense                  
   Derick Brassard          Tomas Fleischmann        Patrick Kane             Joni Pitkanen            Ian White                

Last Minutes Defensive
   Center                   Left Wing                Right Wing               Defense                  Defense                  
   Peter Regin              Oleg Saprykin            Patrick Kaleta           Kurt Sauer               Denis Grebeshkov         

Goaltenders
Starting : Jimmy Howard             
Backup : Al Montoya               

Extra Forwards
Normal : Patrick Kane, Niclas Bergfors, Antoine Roussel - PP : Patrick Kane, Niclas Bergfors - PK : Patrick Kaleta
Extra Defensemen
Normal : Joni Pitkanen, Kurt Sauer, Ian White - PP : Joni Pitkanen - PK : Kurt Sauer, Denis Grebeshkov
Penalty Shots
Patrick Kane, Niclas Bergfors, Jonathan Toews, Peter Regin, Carson Mcmillan

Blue Jackets

5 vs 5 Forward 
   Center                   Left Wing                Right Wing               Time % Phy DF OF 
 1 Jan Bulis                David Booth              Patric Hornqvist         35     1   2  2  
 2 Pavel Datsyuk            Marcus Nilson            Martin Havlat            35     1   2  2  
 3 Dave Steckel             Mike York                Andreas Nodl             20     1   2  2  
 4 Christian Hanson         Jeff Taffe               Jason Ward               10     1   2  2  

5 vs 5 Defense 
   Defense                  Defense                                           Time % Phy DF OF 
 1 Branislav Mezei          Mike Lundin                                       40     1   2  2  
 2 Kevin Bieksa             François Beauchemin                               30     1   2  2  
 3 Brooks Orpik             Mike Commodore                                    20     1   2  2  
 4 Branislav Mezei          Mike Lundin                                       10     1   2  2  

PowerPlay Forward 
   Center                   Left Wing                Right Wing               Time % Phy DF OF 
 1 Pavel Datsyuk            David Booth              Patric Hornqvist         60     1   2  2  
 2 Jan Bulis                Mike York                Martin Havlat            40     1   2  2  

PowerPlay Defense
   Defense                  Defense                                           Time % Phy DF OF 
 1 Branislav Mezei          Mike Lundin                                       60     1   2  2  
 2 Kevin Bieksa             François Beauchemin                               40     1   2  2  

Penalty Kill 4 Players Forward 
   Center                   Wing                     Time % Phy DF OF 
 1 Pavel Datsyuk            Patric Hornqvist         60     1   2  2  
 2 David Booth              Martin Havlat            40     1   2  2  

Penalty Kill 4 Players Defense
   Defense                  Defense                  Time % Phy DF OF 
 1 Branislav Mezei          Mike Lundin              60     1   2  2  
 2 Kevin Bieksa             François Beauchemin      40     1   2  2  

Penalty Kill - 3 Players Forward 
   Forward                                           Time % Phy DF OF 
 1 Pavel Datsyuk                                     60     1   2  2  
 2 Patric Hornqvist                                  40     1   2  2  

Penalty Kill - 3 Players Defense
   Defense                  Defense                  Time % Phy DF OF 
 1 Branislav Mezei          Mike Lundin              60     1   2  2  
 2 Kevin Bieksa             François Beauchemin      40     1   2  2  

4 vs 4 Forward 
   Center                   Wing                     Time % Phy DF OF 
 1 Pavel Datsyuk            Patric Hornqvist         60     1   2  2  
 2 David Booth              Martin Havlat            40     1   2  2  

4 vs 4 Defense
   Defense                  Defense                  Time % Phy DF OF 
 1 Branislav Mezei          Mike Lundin              60     1   2  2  
 2 Kevin Bieksa             François Beauchemin      40     1   2  2  

Last Minutes Offensive
   Center                   Left Wing                Right Wing               Defense                  Defense                  
   Pavel Datsyuk            David Booth              Patric Hornqvist         Branislav Mezei          Mike Lundin              

Last Minutes Defensive
   Center                   Left Wing                Right Wing               Defense                  Defense                  
   Pavel Datsyuk            David Booth              Patric Hornqvist         Branislav Mezei          Mike Lundin              

Goaltenders
Starting : Rick DiPietro            
Backup : Niklas Backstrom         

Extra Forwards
Normal : Marcus Nilson, Dave Steckel, Jeff Taffe - PP : Marcus Nilson, Dave Steckel - PK : Jeff Taffe
Extra Defensemen
Normal : Branislav Mezei, Mike Lundin, Kevin Bieksa - PP : Branislav Mezei - PK : Mike Lundin, Kevin Bieksa
Penalty Shots
Pavel Datsyuk, Patric Hornqvist, David Booth, Martin Havlat, Mike York

% Time on Ice - Blackhawks

Lines # - Real PCT - Wanted PCT - Time Play
Normal Forward
1 - 31% - 40% - 13:59
2 - 31% - 35% - 14:01
3 - 19% - 15% - 8:54
4 - 19% - 10% - 8:51
Normal Defense
1 - 39% - 37% - 18:04
2 - 34% - 32% - 15:21
3 - 26% - 26% - 12:03
4 - 1% - 5% - 0:17
PP Forward
1 - 62% - 65% - 3:45
2 - 38% - 35% - 2:18
PP Defense
1 - 50% - 50% - 3:00
2 - 50% - 50% - 3:03
PK Forward
1 - 53% - 50% - 3:21
2 - 47% - 50% - 2:58
PK Defense
1 - 54% - 50% - 3:26
2 - 46% - 50% - 2:53
PK3 Forward
1 - 0% - 50%
2 - 0% - 50%
PK3 Defense
1 - 0% - 50%
2 - 0% - 50%
44 Forward
1 - 33% - 50% - 0:37
2 - 67% - 50% - 1:16
44 Defense
1 - 67% - 50% - 1:16
2 - 33% - 50% - 0:37
Last Minute Offensive  - 0:00
Last Minute Defensive  - 0:00
Total
Forward - 60:00
Defense - 60:00

% Time on Ice - Blue Jackets

Lines # - Real PCT - Wanted PCT - Time Play
Normal Forward
1 - 32% - 35% - 14:30
2 - 31% - 35% - 14:07
3 - 18% - 20% - 8:16
4 - 19% - 10% - 8:52
Normal Defense
1 - 43% - 40% - 19:54
2 - 32% - 30% - 14:35
3 - 21% - 20% - 9:37
4 - 4% - 10% - 1:39
PP Forward
1 - 40% - 60% - 2:30
2 - 60% - 40% - 3:49
PP Defense
1 - 61% - 60% - 3:52
2 - 39% - 40% - 2:27
PK Forward
1 - 84% - 60% - 5:06
2 - 16% - 40% - 0:57
PK Defense
1 - 61% - 60% - 3:43
2 - 39% - 40% - 2:20
PK3 Forward
1 - 0% - 60%
2 - 0% - 40%
PK3 Defense
1 - 0% - 60%
2 - 0% - 40%
44 Forward
1 - 74% - 60% - 1:24
2 - 26% - 40% - 0:29
44 Defense
1 - 49% - 60% - 0:55
2 - 51% - 40% - 0:58
Last Minute Offensive  - 0:00
Last Minute Defensive  - 0:00
Total
Forward - 60:00
Defense - 60:00

Play by Play

1st period


0:01 of 1st period - Derick Brassard wins face-off versus Jan Bulis in neutral zone.
0:04 of 1st period - Snap shot by Patrick Kane.
0:04 of 1st period - Shot Misses the Net.
0:06 of 1st period - Snap shot by Patrick Kane.
0:06 of 1st period - Shot Misses the Net.
0:08 of 1st period - Slapshot by Joni Pitkanen.
0:08 of 1st period - Deflect By Patric Hornqvist.
0:08 of 1st period - Stopped by Rick DiPietro with a rebound.
0:14 of 1st period - Wrist shot by Patrick Kane.
0:14 of 1st period - Shot Blocked by Mike Lundin.
0:16 of 1st period - Wrist shot by Patrick Kane.
0:16 of 1st period - Stopped by Rick DiPietro with a rebound.
2:54 of 1st period - Slapshot by Patrick Kaleta.
2:54 of 1st period - Deflect By Tomas Fleischmann.
2:54 of 1st period - Stopped by Rick DiPietro with a rebound.
4:02 of 1st period - Snap shot by Patrick Kaleta.
4:02 of 1st period - Stopped by Rick DiPietro without a rebound.
4:03 of 1st period - Pavel Datsyuk wins face-off versus Derick Brassard in Blue Jackets zone.
4:30 of 1st period - Pavel Datsyuk is hit by Carson Mcmillan and loses puck.
4:50 of 1st period - Icing by Branislav Mezei.
4:51 of 1st period - Ryan Hollweg wins face-off versus Pavel Datsyuk in Blue Jackets zone.
5:02 of 1st period - Slapshot by Niclas Bergfors.
5:02 of 1st period - Deflect By Martin Havlat.
5:02 of 1st period - Shot Misses the Net.
5:02 of 1st period - Puck is out of play.
5:03 of 1st period - Jan Bulis wins face-off versus Patrick Kane in Blue Jackets zone.
5:12 of 1st period - Slapshot by David Booth.
5:12 of 1st period - Stopped by Jimmy Howard without a rebound.
5:13 of 1st period - Derick Brassard wins face-off versus Jan Bulis in Blackhawks zone.
5:17 of 1st period - Off-side.
5:18 of 1st period - Jan Bulis wins face-off versus Jonathan Toews in neutral zone.
5:30 of 1st period - Minor Penalty to Mike Lundin for Holding.
5:31 of 1st period - Jonathan Toews wins face-off versus Pavel Datsyuk in Blue Jackets zone.
7:30 of 1st period - Penalty to Mike Lundin is over, Mike Lundin is back on ice.
7:42 of 1st period - Snap shot by Pavel Datsyuk.
7:42 of 1st period - Stopped by Jimmy Howard without a rebound.
7:43 of 1st period - Brian Sutherby wins face-off versus Dave Steckel in Blackhawks zone.
7:48 of 1st period - Dave Steckel is hit by Brian Sutherby and loses puck.
8:07 of 1st period - Patrick Kane is hit by Kevin Bieksa and loses puck.
8:50 of 1st period - Joni Pitkanen is hit by Marcus Nilson and loses puck.
9:01 of 1st period - Snap shot by Oleg Saprykin.
9:01 of 1st period - Stopped by Rick DiPietro without a rebound.
9:02 of 1st period - Dave Steckel wins face-off versus Brian Sutherby in Blue Jackets zone.
9:29 of 1st period - François Beauchemin is hit by Oleg Saprykin and loses puck.
9:46 of 1st period - Wrist shot by Mike York.
9:46 of 1st period - Stopped by Jimmy Howard with a rebound.
9:48 of 1st period - Slapshot by Brooks Orpik.
9:48 of 1st period - Stopped by Jimmy Howard with a rebound.
9:50 of 1st period - Slapshot by Brooks Orpik.
9:50 of 1st period - Shot Blocked by Denis Grebeshkov.
9:52 of 1st period - Wrist shot by Andreas Nodl.
9:52 of 1st period - Stopped by Jimmy Howard with a rebound.
9:54 of 1st period - Snap shot by Mike Commodore.
9:54 of 1st period - Stopped by Jimmy Howard without a rebound.
9:55 of 1st period - Jan Bulis wins face-off versus Derick Brassard in Blackhawks zone.
10:04 of 1st period - Wrist shot by Patrick Kane.
10:04 of 1st period - Shot Misses the Net.
10:26 of 1st period - Snap shot by Martin Havlat.
10:26 of 1st period - Stopped by Jimmy Howard without a rebound.
10:27 of 1st period - Pavel Datsyuk wins face-off versus Jonathan Toews in Blackhawks zone.
10:28 of 1st period - Slapshot by Marcus Nilson.
10:28 of 1st period - Stopped by Jimmy Howard with a rebound.
10:59 of 1st period - Patric Hornqvist is hit by Antoine Roussel and loses puck.
11:22 of 1st period - Wrist shot by Tomas Fleischmann.
11:22 of 1st period - Deflect By Peter Regin.
11:22 of 1st period - Shot Misses the Net.
11:22 of 1st period - Puck is out of play.
11:23 of 1st period - Marcus Nilson wins face-off versus Jonathan Toews in Blue Jackets zone.
11:59 of 1st period - Patric Hornqvist is hit by Denis Grebeshkov and loses puck.
12:14 of 1st period - Branislav Mezei is hit by Carson Mcmillan and loses puck.
12:47 of 1st period - Slapshot by Jeff Taffe.
12:47 of 1st period - Stopped by Jimmy Howard with a rebound.
12:53 of 1st period - Snap shot by Oleg Saprykin.
12:53 of 1st period - Shot Blocked by Kevin Bieksa.
12:55 of 1st period - Slapshot by David Hale.
12:55 of 1st period - Stopped by Rick DiPietro with a rebound.
12:57 of 1st period - Wrist shot by Carson Mcmillan.
12:57 of 1st period - Stopped by Rick DiPietro with a rebound.
13:09 of 1st period - Slapshot by Brian Sutherby.
13:09 of 1st period - Deflect By Kevin Bieksa.
13:09 of 1st period - Stopped by Rick DiPietro with a rebound.
14:05 of 1st period - Snap shot by Jeff Taffe.
14:05 of 1st period - Stopped by Jimmy Howard without a rebound.
14:06 of 1st period - Derick Brassard wins face-off versus Jan Bulis in Blackhawks zone.
14:13 of 1st period - Joni Pitkanen is hit by Branislav Mezei.
14:21 of 1st period - Wrist shot by Patrick Kane.
14:21 of 1st period - Shot Blocked by Branislav Mezei.
15:45 of 1st period - Off-side.
15:46 of 1st period - Jonathan Toews wins face-off versus Marcus Nilson in neutral zone.
15:57 of 1st period - Snap shot by Pavel Datsyuk.
15:57 of 1st period - Stopped by Jimmy Howard without a rebound.
15:58 of 1st period - Jonathan Toews wins face-off versus Jan Bulis in Blackhawks zone.
17:34 of 1st period - Mike Lundin is hit by Brian Sutherby and loses puck.
17:58 of 1st period - Minor Penalty to Pavel Datsyuk for Tripping.
17:59 of 1st period - Jeff Taffe wins face-off versus Jonathan Toews in Blue Jackets zone.
18:35 of 1st period - Patric Hornqvist is hit by Niclas Bergfors and loses puck.
19:58 of 1st period - Penalty to Pavel Datsyuk is over, Pavel Datsyuk is back on ice.
Goals for this period are 0 for Blackhawks vs 0 for Blue Jackets.
Shots for this period are 8 for Blackhawks vs 11 for Blue Jackets.

2nd period


0:01 of 2nd period - Jan Bulis wins face-off versus Derick Brassard in neutral zone.
0:49 of 2nd period - Peter Regin is hit by Branislav Mezei and loses puck.
1:18 of 2nd period - Snap shot by Christian Hanson.
1:18 of 2nd period - Shot Misses the Net.
3:02 of 2nd period - Wrist shot by Niclas Bergfors.
3:02 of 2nd period - Stopped by Rick DiPietro with a rebound.
3:04 of 2nd period - Snap shot by Ryan Hollweg.
3:04 of 2nd period - Shot Misses the Net.
3:06 of 2nd period - Wrist shot by Ryan Hollweg.
3:06 of 2nd period - Shot Misses the Net.
3:08 of 2nd period - Wrist shot by Kurt Sauer.
3:08 of 2nd period - Shot Blocked by Kevin Bieksa.
3:55 of 2nd period - Wrist shot by Peter Regin.
3:55 of 2nd period - Shot Misses the Net.
4:25 of 2nd period - David Hale is hit by Pavel Datsyuk and loses puck.
4:36 of 2nd period - Derick Brassard is hit by Brooks Orpik and loses puck.
4:47 of 2nd period - Snap shot by Antoine Roussel.
4:47 of 2nd period - Stopped by Rick DiPietro with a rebound.
5:28 of 2nd period - Ian White is hit by Mike Lundin and loses puck.
5:45 of 2nd period - Oleg Saprykin is hit by Kevin Bieksa and loses puck.
6:31 of 2nd period - Minor Penalty to Niclas Bergfors for Hooking.
6:32 of 2nd period - Pavel Datsyuk wins face-off versus Peter Regin in Blackhawks zone.
7:09 of 2nd period - Slapshot by Mike York.
7:09 of 2nd period - Shot Blocked by David Hale.
7:41 of 2nd period - Icing by David Booth.
7:42 of 2nd period - Ryan Hollweg wins face-off versus Jan Bulis in Blue Jackets zone.
7:45 of 2nd period - Snap shot by Peter Regin.
7:45 of 2nd period - Shot Hit the Post.
8:31 of 2nd period - Penalty to Niclas Bergfors is over, Niclas Bergfors is back on ice.
8:38 of 2nd period - Snap shot by Niclas Bergfors.
8:38 of 2nd period - Shot Misses the Net.
8:42 of 2nd period - Snap shot by Niclas Bergfors.
8:42 of 2nd period - Stopped by Rick DiPietro with a rebound.
8:44 of 2nd period - Wrist shot by Peter Regin.
8:44 of 2nd period - Goal by Peter Regin - Blackhawks : 1 - Blue Jackets : 0.
8:45 of 2nd period - Derick Brassard wins face-off versus Marcus Nilson in neutral zone.
8:56 of 2nd period - Snap shot by Patrick Kane.
8:56 of 2nd period - Shot Misses the Net.
8:58 of 2nd period - Slapshot by Antoine Roussel.
8:58 of 2nd period - Stopped by Rick DiPietro with a rebound.
9:00 of 2nd period - Snap shot by Derick Brassard.
9:00 of 2nd period - Shot Misses the Net.
9:02 of 2nd period - Snap shot by Patrick Kane.
9:02 of 2nd period - Deflect By Derick Brassard.
9:02 of 2nd period - Shot Misses the Net.
9:02 of 2nd period - Puck is out of play.
9:03 of 2nd period - Jan Bulis wins face-off versus Jonathan Toews in Blue Jackets zone.
9:03 of 2nd period - Jan Bulis is hit by Ryan Hollweg.
9:09 of 2nd period - Snap shot by David Booth.
9:09 of 2nd period - Shot Blocked by Ryan Hollweg.
9:11 of 2nd period - Snap shot by David Booth.
9:11 of 2nd period - Stopped by Jimmy Howard with a rebound.
9:13 of 2nd period - Wrist shot by David Booth.
9:13 of 2nd period - Blue Jackets goal is going for a video replay.
9:13 of 2nd period - The goal is good.
9:13 of 2nd period - Goal by David Booth - Blackhawks : 1 - Blue Jackets : 1.
9:14 of 2nd period - Derick Brassard wins face-off versus Jan Bulis in neutral zone.
9:16 of 2nd period - Minor Penalty to Patrick Kane for Roughing.
9:17 of 2nd period - Brian Sutherby wins face-off versus Pavel Datsyuk in Blackhawks zone.
9:17 of 2nd period - Brian Sutherby is hit by David Booth.
9:25 of 2nd period - Off-side.
9:26 of 2nd period - Pavel Datsyuk wins face-off versus Peter Regin in neutral zone.
9:51 of 2nd period - Slapshot by Patric Hornqvist.
9:51 of 2nd period - Shot Misses the Net.
9:53 of 2nd period - Snap shot by David Booth.
9:53 of 2nd period - Stopped by Jimmy Howard with a rebound.
9:55 of 2nd period - Snap shot by Pavel Datsyuk.
9:55 of 2nd period - Shot Misses the Net.
9:57 of 2nd period - Wrist shot by David Booth.
9:57 of 2nd period - Deflect By David Hale.
9:57 of 2nd period - Shot Misses the Net.
9:57 of 2nd period - Puck is out of play.
9:58 of 2nd period - Jan Bulis wins face-off versus Brian Sutherby in Blackhawks zone.
9:59 of 2nd period - Snap shot by Mike York.
9:59 of 2nd period - Goal by Mike York - Blackhawks : 1 - Blue Jackets : 2.
10:00 of 2nd period - Derick Brassard wins face-off versus Pavel Datsyuk in neutral zone.
10:57 of 2nd period - Slapshot by Denis Grebeshkov.
10:57 of 2nd period - Deflect By Brian Sutherby.
10:57 of 2nd period - Shot Misses the Net.
10:57 of 2nd period - Puck is out of play.
10:58 of 2nd period - Pavel Datsyuk wins face-off versus Brian Sutherby in Blue Jackets zone.
10:58 of 2nd period - Pavel Datsyuk is hit by Oleg Saprykin.
11:18 of 2nd period - Slapshot by Dave Tanabe.
11:18 of 2nd period - Stopped by Rick DiPietro without a rebound.
11:19 of 2nd period - Dave Steckel wins face-off versus Antoine Roussel in Blue Jackets zone.
11:45 of 2nd period - Martin Havlat is hit by Joni Pitkanen and loses puck.
12:30 of 2nd period - Slapshot by Denis Grebeshkov.
12:30 of 2nd period - Deflect By Mike Lundin.
12:30 of 2nd period - Stopped by Rick DiPietro with a rebound.
12:32 of 2nd period - Wrist shot by Oleg Saprykin.
12:32 of 2nd period - Shot Misses the Net.
13:34 of 2nd period - Wrist shot by David Booth.
13:34 of 2nd period - Stopped by Jimmy Howard without a rebound.
13:35 of 2nd period - Peter Regin wins face-off versus David Booth in Blackhawks zone.
13:35 of 2nd period - Peter Regin is hit by Patric Hornqvist.
13:43 of 2nd period - Slapshot by Peter Regin.
13:43 of 2nd period - Stopped by Rick DiPietro with a rebound.
14:03 of 2nd period - Wrist shot by David Booth.
14:03 of 2nd period - Stopped by Jimmy Howard with a rebound.
14:41 of 2nd period - Snap shot by Patric Hornqvist.
14:41 of 2nd period - Deflect By David Booth.
14:41 of 2nd period - Shot Blocked by Ian White.
14:41 of 2nd period - Puck is out of play.
14:42 of 2nd period - Pavel Datsyuk wins face-off versus Derick Brassard in Blackhawks zone.
14:43 of 2nd period - Slapshot by Marcus Nilson.
14:43 of 2nd period - Shot Misses the Net.
14:45 of 2nd period - Snap shot by Marcus Nilson.
14:45 of 2nd period - Stopped by Jimmy Howard with a rebound.
14:47 of 2nd period - Slapshot by Marcus Nilson.
14:47 of 2nd period - Shot Blocked by Kurt Sauer.
14:55 of 2nd period - Wrist shot by Martin Havlat.
14:55 of 2nd period - Stopped by Jimmy Howard without a rebound.
14:55 of 2nd period - Minor Penalty to Marcus Nilson for Boarding.
14:56 of 2nd period - Pavel Datsyuk wins face-off versus Derick Brassard in Blue Jackets zone.
15:01 of 2nd period - Minor Penalty to Derick Brassard for High sticking.
15:02 of 2nd period - Jonathan Toews wins face-off versus Pavel Datsyuk in Blackhawks zone.
15:27 of 2nd period - Pavel Datsyuk is hit by Niclas Bergfors and loses puck.
15:52 of 2nd period - Patric Hornqvist is hit by Niclas Bergfors and loses puck.
16:15 of 2nd period - Backhand shot by François Beauchemin.
16:15 of 2nd period - Shot Misses the Net.
16:30 of 2nd period - Icing by Joni Pitkanen.
16:31 of 2nd period - Jonathan Toews wins face-off versus Pavel Datsyuk in Blackhawks zone.
16:55 of 2nd period - Penalty to Marcus Nilson is over, Marcus Nilson is back on ice.
17:01 of 2nd period - Penalty to Derick Brassard is over, Derick Brassard is back on ice.
17:03 of 2nd period - Snap shot by Marcus Nilson.
17:03 of 2nd period - Stopped by Jimmy Howard with a rebound.
17:05 of 2nd period - Wrist shot by David Booth.
17:05 of 2nd period - Stopped by Jimmy Howard without a rebound.
17:06 of 2nd period - Dave Steckel wins face-off versus Peter Regin in Blackhawks zone.
17:38 of 2nd period - Wrist shot by Pavel Datsyuk.
17:38 of 2nd period - Stopped by Jimmy Howard with a rebound.
17:40 of 2nd period - Snap shot by Pavel Datsyuk.
17:40 of 2nd period - Stopped by Jimmy Howard without a rebound.
17:41 of 2nd period - Jan Bulis wins face-off versus Jonathan Toews in Blackhawks zone.
17:47 of 2nd period - Wrist shot by Patric Hornqvist.
17:47 of 2nd period - Shot Misses the Net.
17:49 of 2nd period - Slapshot by Branislav Mezei.
17:49 of 2nd period - Stopped by Jimmy Howard with a rebound.
17:55 of 2nd period - Slapshot by Patric Hornqvist.
17:55 of 2nd period - Shot Misses the Net.
17:57 of 2nd period - Slapshot by Mike Lundin.
17:57 of 2nd period - Deflect By David Hale.
17:57 of 2nd period - Stopped by Jimmy Howard without a rebound.
17:58 of 2nd period - Derick Brassard wins face-off versus Pavel Datsyuk in Blackhawks zone.
18:23 of 2nd period - Branislav Mezei is hit by Ryan Hollweg and loses puck.
19:16 of 2nd period - Slapshot by David Hale.
19:16 of 2nd period - Deflect By Marcus Nilson.
19:16 of 2nd period - Stopped by Rick DiPietro with a rebound.
19:35 of 2nd period - Wrist shot by Jeff Taffe.
19:35 of 2nd period - Shot Misses the Net.
19:37 of 2nd period - Slapshot by Branislav Mezei.
19:37 of 2nd period - Shot Misses the Net.
19:39 of 2nd period - Slapshot by Mike Lundin.
19:39 of 2nd period - Stopped by Jimmy Howard with a rebound.
19:41 of 2nd period - Snap shot by Jason Ward.
19:41 of 2nd period - Deflect By Jeff Taffe.
19:41 of 2nd period - Shot Misses the Net.
19:41 of 2nd period - Puck is out of play.
19:42 of 2nd period - Jonathan Toews wins face-off versus Pavel Datsyuk in Blackhawks zone.
19:49 of 2nd period - Wrist shot by Niclas Bergfors.
19:49 of 2nd period - Stopped by Rick DiPietro without a rebound.
19:50 of 2nd period - Pavel Datsyuk wins face-off versus Jonathan Toews in Blue Jackets zone.
Goals for this period are 1 for Blackhawks vs 2 for Blue Jackets.
Shots for this period are 10 for Blackhawks vs 15 for Blue Jackets.

3rd period


0:01 of 3rd period - Derick Brassard wins face-off versus Pavel Datsyuk in neutral zone.
0:04 of 3rd period - Slapshot by Derick Brassard.
0:04 of 3rd period - Shot Misses the Net.
0:06 of 3rd period - Snap shot by Patrick Kane.
0:06 of 3rd period - Stopped by Rick DiPietro with a rebound.
0:08 of 3rd period - Slapshot by Denis Grebeshkov.
0:08 of 3rd period - Shot Blocked by Mike Lundin.
0:10 of 3rd period - Snap shot by Derick Brassard.
0:10 of 3rd period - Shot Misses the Net.
0:12 of 3rd period - Wrist shot by Derick Brassard.
0:12 of 3rd period - Stopped by Rick DiPietro with a rebound.
0:32 of 3rd period - Wrist shot by Patric Hornqvist.
0:32 of 3rd period - Goal by Patric Hornqvist - Blackhawks : 1 - Blue Jackets : 3.
0:33 of 3rd period - Antoine Roussel wins face-off versus Pavel Datsyuk in neutral zone.
0:38 of 3rd period - Snap shot by Derick Brassard.
0:38 of 3rd period - Stopped by Rick DiPietro with a rebound.
0:54 of 3rd period - Minor Penalty to Antoine Roussel for Hooking.
0:55 of 3rd period - Pavel Datsyuk wins face-off versus Brian Sutherby in Blackhawks zone.
1:08 of 3rd period - Wrist shot by Pavel Datsyuk.
1:08 of 3rd period - Stopped by Jimmy Howard with a rebound.
1:10 of 3rd period - Slapshot by David Booth.
1:10 of 3rd period - Shot Misses the Net.
1:12 of 3rd period - Snap shot by Pavel Datsyuk.
1:12 of 3rd period - Stopped by Jimmy Howard with a rebound.
1:23 of 3rd period - Icing by Mike Lundin.
1:24 of 3rd period - Peter Regin wins face-off versus Martin Havlat in Blue Jackets zone.
1:25 of 3rd period - Snap shot by Oleg Saprykin.
1:25 of 3rd period - Stopped by Rick DiPietro without a rebound.
1:26 of 3rd period - Jan Bulis wins face-off versus Peter Regin in Blue Jackets zone.
1:59 of 3rd period - Snap shot by Mike York.
1:59 of 3rd period - Shot Misses the Net.
2:22 of 3rd period - Wrist shot by Martin Havlat.
2:22 of 3rd period - Shot Misses the Net.
2:24 of 3rd period - Slapshot by Jan Bulis.
2:24 of 3rd period - Shot Blocked by Peter Regin.
2:26 of 3rd period - Slapshot by Kevin Bieksa.
2:26 of 3rd period - Goal by Kevin Bieksa - Blackhawks : 1 - Blue Jackets : 4.
2:27 of 3rd period - Derick Brassard wins face-off versus Christian Hanson in neutral zone.
2:30 of 3rd period - Mike Lundin is hit by Joni Pitkanen and loses puck.
2:53 of 3rd period - Martin Havlat is hit by Jonathan Toews and loses puck.
3:12 of 3rd period - Slapshot by Dave Tanabe.
3:12 of 3rd period - Shot Misses the Net.
3:47 of 3rd period - Minor Penalty to François Beauchemin for High sticking.
3:48 of 3rd period - Jonathan Toews wins face-off versus Pavel Datsyuk in Blue Jackets zone.
3:54 of 3rd period - Off-side.
3:55 of 3rd period - Jonathan Toews wins face-off versus Pavel Datsyuk in neutral zone.
4:32 of 3rd period - Slapshot by Ian White.
4:32 of 3rd period - Shot Blocked by Branislav Mezei.
5:20 of 3rd period - Snap shot by Patrick Kane.
5:20 of 3rd period - Shot Blocked by David Booth.
5:22 of 3rd period - Snap shot by Patrick Kane.
5:22 of 3rd period - Stopped by Rick DiPietro without a rebound.
5:23 of 3rd period - Pavel Datsyuk wins face-off versus Derick Brassard in Blue Jackets zone.
5:32 of 3rd period - Wrist shot by Ian White.
5:32 of 3rd period - Shot Blocked by Kevin Bieksa.
5:34 of 3rd period - Slapshot by Niclas Bergfors.
5:34 of 3rd period - Stopped by Rick DiPietro without a rebound.
5:35 of 3rd period - Pavel Datsyuk wins face-off versus Derick Brassard in Blue Jackets zone.
5:47 of 3rd period - Penalty to François Beauchemin is over, François Beauchemin is back on ice.
6:06 of 3rd period - Brian Sutherby is hit by Brooks Orpik and loses puck.
6:55 of 3rd period - Wrist shot by Martin Havlat.
6:55 of 3rd period - Stopped by Jimmy Howard without a rebound.
6:56 of 3rd period - Jonathan Toews wins face-off versus Pavel Datsyuk in Blackhawks zone.
7:22 of 3rd period - Minor Penalty to Derick Brassard for Holding.
7:23 of 3rd period - Brian Sutherby wins face-off versus Pavel Datsyuk in Blackhawks zone.
7:55 of 3rd period - Off-side.
7:56 of 3rd period - Brian Sutherby wins face-off versus Jan Bulis in neutral zone.
9:10 of 3rd period - Slapshot by Kevin Bieksa.
9:10 of 3rd period - Stopped by Jimmy Howard with a rebound.
9:14 of 3rd period - Snap shot by Mike York.
9:14 of 3rd period - Shot Misses the Net.
9:22 of 3rd period - Penalty to Derick Brassard is over, Derick Brassard is back on ice.
10:18 of 3rd period - Snap shot by Martin Havlat.
10:18 of 3rd period - Shot Misses the Net.
10:20 of 3rd period - Snap shot by Jan Bulis.
10:20 of 3rd period - Deflect By Martin Havlat.
10:20 of 3rd period - Stopped by Jimmy Howard without a rebound.
10:21 of 3rd period - Jonathan Toews wins face-off versus Christian Hanson in Blackhawks zone.
10:59 of 3rd period - Icing by Jonathan Toews.
11:00 of 3rd period - Marcus Nilson wins face-off versus Jonathan Toews in Blackhawks zone.
11:17 of 3rd period - Snap shot by Dave Tanabe.
11:17 of 3rd period - Deflect By Patrick Kane.
11:17 of 3rd period - Stopped by Rick DiPietro without a rebound.
11:18 of 3rd period - Patrick Kane wins face-off versus Christian Hanson in Blue Jackets zone.
11:23 of 3rd period - Wrist shot by Patrick Kane.
11:23 of 3rd period - Shot Blocked by Christian Hanson.
11:29 of 3rd period - Snap shot by Ryan Hollweg.
11:29 of 3rd period - Shot Blocked by Branislav Mezei.
11:31 of 3rd period - Snap shot by Patrick Kane.
11:31 of 3rd period - Shot Misses the Net.
11:43 of 3rd period - Joni Pitkanen is hit by Mike Lundin and loses puck.
12:10 of 3rd period - Peter Regin is hit by David Booth.
12:50 of 3rd period - Brian Sutherby is hit by Branislav Mezei and loses puck.
13:48 of 3rd period - Wrist shot by Oleg Saprykin.
13:48 of 3rd period - Goal by Oleg Saprykin - Blackhawks : 2 - Blue Jackets : 4.
13:49 of 3rd period - Derick Brassard wins face-off versus Pavel Datsyuk in neutral zone.
14:04 of 3rd period - Wrist shot by Patrick Kane.
14:04 of 3rd period - Stopped by Rick DiPietro with a rebound.
14:06 of 3rd period - Slapshot by Joni Pitkanen.
14:06 of 3rd period - Stopped by Rick DiPietro without a rebound.
14:07 of 3rd period - Jan Bulis wins face-off versus Jonathan Toews in Blue Jackets zone.
14:24 of 3rd period - Snap shot by Jan Bulis.
14:24 of 3rd period - Shot Misses the Net.
14:30 of 3rd period - Jan Bulis is hit by Ian White.
14:46 of 3rd period - Snap shot by Ryan Hollweg.
14:46 of 3rd period - Shot Misses the Net.
14:48 of 3rd period - Snap shot by Niclas Bergfors.
14:48 of 3rd period - Deflect By Jonathan Toews.
14:48 of 3rd period - Stopped by Rick DiPietro with a rebound.
15:10 of 3rd period - Snap shot by Patric Hornqvist.
15:10 of 3rd period - Shot Misses the Net.
15:58 of 3rd period - Snap shot by Jonathan Toews.
15:58 of 3rd period - Shot Misses the Net.
16:00 of 3rd period - Snap shot by Jonathan Toews.
16:00 of 3rd period - Shot Blocked by Mike Lundin.
16:02 of 3rd period - Backhand shot by Niclas Bergfors.
16:02 of 3rd period - Stopped by Rick DiPietro without a rebound.
16:03 of 3rd period - Derick Brassard wins face-off versus Dave Steckel in Blue Jackets zone.
16:09 of 3rd period - Icing by Mike York.
16:10 of 3rd period - Derick Brassard wins face-off versus Dave Steckel in Blue Jackets zone.
16:44 of 3rd period - Snap shot by Martin Havlat.
16:44 of 3rd period - Shot Blocked by Peter Regin.
16:46 of 3rd period - Wrist shot by Marcus Nilson.
16:46 of 3rd period - Stopped by Jimmy Howard without a rebound.
16:47 of 3rd period - Derick Brassard wins face-off versus Pavel Datsyuk in Blackhawks zone.
16:54 of 3rd period - Wrist shot by Derick Brassard.
16:54 of 3rd period - Shot Misses the Net.
18:30 of 3rd period - Jeff Taffe is hit by Peter Regin and loses puck.
18:37 of 3rd period - Snap shot by Peter Regin.
18:37 of 3rd period - Shot Misses the Net.
18:41 of 3rd period - Snap shot by Tomas Fleischmann.
18:41 of 3rd period - Stopped by Rick DiPietro with a rebound.
19:51 of 3rd period - Marcus Nilson is hit by Joni Pitkanen.
19:58 of 3rd period - Icing by Patric Hornqvist.
19:59 of 3rd period - Derick Brassard wins face-off versus Marcus Nilson in Blue Jackets zone.
Goals for this period are 1 for Blackhawks vs 2 for Blue Jackets.
Shots for this period are 13 for Blackhawks vs 8 for Blue Jackets.